 Dungeon Crawl Stone Soup version 0.29-a0-474-gdfe5cd140f (webtiles) character file.

Game seed: 3863384014672071135

2466 dolemite99 the Cleaver (level 9, -11/61 HPs)
             Began as a Demonspawn Gladiator on May 24, 2022.
             Was an Initiate of Gozag.
             Mangled by a gnoll sergeant
             ... wielding a +0 trident
              (13 damage)
             ... on level 6 of the Dungeon.
             The game lasted 00:11:44 (11330 turns).

dolemite99 the Cleaver (Demonspawn Gladiator)      Turns: 11330, Time: 00:11:45

Health: -11/61     AC: 11    Str: 22    XL:     9   Next: 26%
Magic:  9/9        EV:  8    Int: 14    God:    Gozag
Gold:   244        SH:  5    Dex: 17    Spells: 8/8 levels left

rFire   . . .      SeeInvis .   b - +6 spear "Meutien" {venom, rPois Str+4 Int+4}
rCold   . . .      Faith    .   i - +0 buckler
rNeg    . . .      Spirit   .   f - +0 chain mail
rPois   +          Reflect  .   c - +0 helmet
rElec   .          Harm     .   v - +0 cloak
rCorr   .          Rampage  .   (no gloves)
Will    .....                   k - +0 pair of boots
Stlth   ..........              (no amulet)
HPRegen 0.20/turn               (no ring)
MPRegen 0.11/turn               (no ring)

@: gold aura, flying
A: thin skeletal structure 1, demonic guardian 2, demonic magic 2, demonic touch
1
a: Renounce Religion, Potion Petition, Call Merchant, Bribe Branch


You were on level 6 of the Dungeon.
You worshipped Gozag.
Gozag was aware of your devotion.
You visited 2 branches of the dungeon, and saw 7 of its levels.

You collected 657 gold pieces.
You paid 413 gold pieces to Gozag.

Inventory:

Hand Weapons
 a - a +1 war axe of freezing
 b - the +6 spear "Meutien" (weapon) {venom, rPois Str+4 Int+4}
   (You found it on level 6 of the Dungeon)

   It poisons the flesh of those it strikes.
   Str:       It affects your strength (+4).
   Int:       It affects your intelligence (+4).
   rPois:     It protects you from poison.
 h - a +0 shortbow
 o - a +1 hand axe of freezing
Missiles
 d - 4 throwing nets
 e - 3 javelins
 m - 44 stones
Armour
 c - a +0 helmet (worn)
 f - a +0 chain mail (worn)
 i - a +0 buckler (worn)
 k - a +0 pair of boots (worn)
 v - a +0 cloak (worn)
Jewellery
 l - a +6 ring of dexterity
 n - a ring of fire
 u - a ring of poison resistance
Wands
 g - a wand of charming (12)
Scrolls
 j - a scroll of vulnerability
Potions
 q - 3 potions of attraction


   Skills:
 - Level 2.0 Fighting
 - Level 11.2(11.3) Axes
 + Level 2.5(7.6) Polearms
 - Level 1.7 Throwing
 - Level 2.6 Dodging
 - Level 2.1 Shields


You had 8 spell levels left.
You didn't know any spells.
Your spell library contained the following spells:

 Spells                   Type           Power      Damage    Failure   Level
 Freeze                   Ice            0%         1d3       99%         1
 Magic Dart               Conj           0%         1d3       99%         1
 Sting                    Tmut/Pois      0%         1d3       99%         1
 Poisonous Vapours        Pois/Air       0%         N/A       99%         2
 Searing Ray              Conj           0%         2d4       99%         2
 Frozen Ramparts          Ice            0%         1d2       100%        3
 Stone Arrow              Conj/Erth      0%         3d7       100%        3
 Animate Armour           Summ/Erth      0%         N/A       100%        4
 Dispel Undead            Necr           0%         3d6       100%        4
 Fulminant Prism          Conj/Hex       0%         3d6       100%        4
 Hailstorm                Conj/Ice       0%         3d3       100%        4
 Olgreb's Toxic Radiance  Pois           0%         N/A       100%        4
 Summon Forest            Summ/Tloc      0%         N/A       100%        5
 Summon Mana Viper        Hex/Summ       0%         N/A       100%        5
 Death Channel            Necr           0%         N/A       100%        6
 Summon Cactus Giant      Summ           0%         N/A       100%        6
 Lehudib's Crystal Spear  Conj/Erth      0%         10d2      100%        8
 Corpse Rot               Necr/Pois/Air  Unusable   N/A       N/A         4

Dungeon Overview and Level Annotations

Branches:
Dungeon (6/15)             Temple (1/1) D:4

Altars:
Ashenzari
Cheibriados
Dithmenos
Elyvilon
Fedhas
Gozag
Hepliaklqana
Kikubaaqudgha
Makhleb
Qazlal
Ru
Sif Muna
Trog
Uskayaw
Vehumet
Wu Jian
Xom
Yredelemnul
The Shining One

Shops:
D:5 [

Annotations:
D:3 exclusion: 2 downstairs
D:4 1 transporter, Sigmund


Innate Abilities, Weirdness & Mutations

You have a somewhat thin skeletal structure. (Dex +2, Stealth+)
A demonic guardian rushes to your aid.
Spells you cast may paralyse nearby enemies.
Your touch may inflict minor irresistible damage on your foes.


Message History

Your +0 chain mail melds into your body.
Your roots penetrate the ground.
The gnoll shaman calls upon its god to heal the gnoll shaman.
The gnoll shaman is healed somewhat.
The gnoll sergeant hits you from afar with a +0 trident.
* * * LOW HITPOINT WARNING * * *
Your rust devil closely misses the gnoll sergeant.
It was a potion of cancellation.
Your magical effects are unravelling.
You feel magically purged.
You feel less wooden.
Your +0 cloak unmelds from your body.
Your +0 helmet unmelds from your body.
Your +0 pair of boots unmelds from your body.
Your +0 chain mail unmelds from your body.
You feel a little less clever now. The gnoll sergeant barely misses you.
Your rust devil hits the gnoll sergeant.
The gnoll sergeant seems to be corroded for longer.
It was a potion of flight.
You feel very buoyant.
You fly up into the air.
The gnoll sergeant hits you but does no damage. x2
Your rust devil hits the gnoll sergeant.
The gnoll sergeant seems to be corroded for longer.
The gnoll shaman calls upon its god to heal the gnoll sergeant.
The gnoll sergeant is healed somewhat.
What are your orders? t - Shout!
Orders for allies: a - Attack new target. r - Retreat! s - Stop attacking. g - Guard the area. f - Follow me.
Anything else - Cancel.
Guard this area!
The gnoll sergeant hits you from afar with a +0 trident.
* * * LOW HITPOINT WARNING * * *
Your rust devil completely misses the gnoll sergeant.
The gnoll sergeant hits you but does no damage.
The gnoll sergeant hits you from afar with a +0 trident!
You die...
Your body crumbles into a pile of gold.

.# ># .# .# .#
.#### # .)).#
###.## ###.#
♣♣#..)..#♣♣ $
#.###♣)#.....#@♣
#...#♣.#.....#4♣
#.###♣.###'###g♣
###)###♣.......gg♣
....#.# ♣..♣....♣♣
......# ♣)..♣.♣♣
###...## ♣.....♣
#....##♣♣...♣♣
#.....# ♣..)♣


You could see a gnoll sergeant (fast, corroded, ally target), 2 gnoll shamans
and a friendly rust devil (summoned).

Vanquished Creatures
  Pikel (D:6)
  An ice beast (D:6)
  A black bear (D:4)
  An ogre (D:6)
  2 centaurs
  2 necrophages (D:5)
  A scorpion (D:5)
  A gnoll sergeant (D:6)
  Dowan (D:4)
  3 hounds
  2 orc priests
  A jelly (D:3)
  Natasha (thrice) (D:2)
  4 iguanas
  7 orc wizards
  8 gnolls
  7 adders
  A shadow imp (D:6)
  An ufetubus (D:5)
  2 worms (D:2)
  2 dart slugs
  18 orcs
  7 ball pythons
  6 bats
  9 endoplasms
  4 giant cockroaches
  8 hobgoblins
  7 jackals
  7 quokkas
  4 frilled lizards
  8 goblins
  8 kobolds
  7 rats
145 creatures vanquished.

Vanquished Creatures (collateral kills)
  A wyvern (D:6)
  Duvessa (D:4)
  A gnoll sergeant (D:6)
  A bullfrog (D:6)
  A scorpion (D:5)
  An orc priest (D:3)
  A gnoll (D:6)
  2 orcs
  An endoplasm (D:4)
  A frilled lizard (D:2)
11 creatures vanquished.

Vanquished Creatures (others)
  A gnoll sergeant (D:6)
  5 plants (D:2)
6 creatures vanquished.

Grand Total: 162 creatures vanquished

Notes
Turn   | Place    | Note
-------+----------+-------------------------------------------
     0 | D:1      | dolemite99 the Demonspawn Gladiator began the quest for the
                  | Orb.
     0 | D:1      | Reached XP level 1. HP: 16/16 MP: 1/1
   272 | D:1      | Reached skill level 3 in Axes
   311 | D:1      | Gained mutation: A weak demonic guardian rushes to your
                  | aid. [demonic ancestry]
   311 | D:1      | Reached XP level 2. HP: 22/22 MP: 2/2
   895 | D:1      | Reached XP level 3. HP: 24/27 MP: 3/3
  1009 | D:1      | Reached skill level 4 in Axes
  1289 | D:2      | Noticed Natasha
  1293 | D:2      | Killed Natasha
  1294 | D:2      | Reached XP level 4. HP: 33/33 MP: 4/4
  1355 | D:2      | Noticed Natasha
  1373 | D:2      | Killed Natasha
  1565 | D:2      | Noticed Natasha
  1573 | D:2      | Reached skill level 5 in Axes
  1578 | D:2      | Killed Natasha
  2087 | D:2      | Gained mutation: Your touch may inflict minor irresistible
                  | damage on your foes. [demonic ancestry]
  2087 | D:2      | Reached XP level 5. HP: 35/38 MP: 5/5
  3780 | D:3      | Reached skill level 6 in Axes
  4522 | D:3      | Gained mutation: Spells you cast may paralyse adjacent
                  | enemies. [demonic ancestry]
  4522 | D:3      | Reached XP level 6. HP: 42/44 MP: 6/6
  4965 | D:3      | Found a shimmering blue altar of Sif Muna.
  5478 | D:4      | Noticed Duvessa
  5478 | D:4      | Noticed Dowan
  5855 | D:4      | Noticed Sigmund
  6268 | D:4      | Found a staircase to the Ecumenical Temple.
  6565 | D:4      | Killed Duvessa
  6566 | D:4      | Reached skill level 7 in Axes
  6566 | D:4      | Gained mutation: You have a somewhat thin skeletal
                  | structure. (Dex +2, Stealth+) [demonic ancestry]
  6566 | D:4      | Reached XP level 7. HP: 4/50 MP: 7/7
  6573 | D:4      | Killed Dowan
  7177 | Temple   | Entered the Ecumenical Temple
  7230 | Temple   | Became a worshipper of Gozag Ym Sagoz the Greedy
  7340 | D:5      | Entered Level 5 of the Dungeon
  7560 | D:5      | Found Rodoirunn's Antique Armour Shop.
  7583 | D:5      | Reached skill level 8 in Axes
  8038 | D:5      | Found a sacrificial altar of Ru.
  8207 | D:5      | Gained mutation: A demonic guardian rushes to your aid.
                  | [demonic ancestry]
  8207 | D:5      | Reached XP level 8. HP: 38/56 MP: 8/8
  8880 | D:4      | Found a transporter.
  9013 | D:4      | Reached skill level 9 in Axes
  9712 | D:6      | Noticed Pikel
  9761 | D:6      | Killed Pikel
  9762 | D:6      | Reached skill level 10 in Axes
 10277 | D:6      | Reached skill level 11 in Axes
 10277 | D:6      | Gained mutation: Spells you cast may paralyse nearby
                  | enemies. [demonic ancestry]
 10277 | D:6      | Reached XP level 9. HP: 51/61 MP: 9/9
 10559 | D:6      | Identified the +6 spear "Meutien" {venom, rPois Str+4
                  | Int+4}
 10589 | D:6      | Found a snail-covered altar of Cheibriados.
 10751 | D:6      | Reached skill level 1 in Polearms
 11296 | D:6      | Found the +3 woodcutter's axe {vorpal}
 11323 | D:6      | HP: 3/61 [gnoll sergeant/+0 trident (11)]
 11329 | D:6      | HP: 1/61 [gnoll sergeant/+0 trident (1)]
 11330 | D:6      | Mangled by a gnoll sergeant

Illustrated notes

Levels and vault maps discovered:
D:1:      lemuel_arrival_tunnels, layout_loops_ring
D:2:      layout_basic, serial_forest, infiniplex_forest_end_3,
          infiniplex_forest_lined_ring, infiniplex_forest_lined_room_3,
          infiniplex_forest_end_2, infiniplex_forest_clump_medium,
          infiniplex_forest_straight_4, infiniplex_forest_clump_small,
          infiniplex_forest_clump_C, uniq_natasha
D:3:      layout_loops_ring, mainiacjoe_overflow_tiny_flanked,
          portal_sewer_entry_e
D:4:      gammafunk_cloud_chamber, layout_rooms, minmay_temple_entry_tees,
          item_on_display_a, uniq_sigmund, uniq_duvessa
D:5:      layout_cave_pools, mainiacjoe_overflow_paths, serial_shops, shop
D:6:      layout_loops_ring, cheibriados_altar_1, abandoned_shop,
          pf_guarded_unrand_woodcutter, uniq_pikel
Temple:   nicolae_temple_x_marks_the_god

Skill      XL: |  1  2  3  4  5  6  7  8  9 |
---------------+----------------------------+-----
Axes           | 3 4 5 6 7 8 11 | 11.2
Shields        | 2 |  2.1
Polearms       | 2 |  2.5
Fighting       | |  2.0
Throwing       | |  1.7
Dodging        | |  2.6

Action                   |  1- 3 |  4- 6 |  7- 9 || total
-------------------------+-------+-------+-------++-------
Melee: War axe           |    88 |   183 |   188 ||   459
       Punch             |     1 |     2 |       ||     3
       Touch             |       |     6 |       ||     6
       Spear             |       |       |    33 ||    33
Throw: Javelin           |    15 |    12 |     5 ||    32
Invok: Potion Petition   |       |       |     1 ||     1
Evoke: Wand              |       |       |    27 ||    27
  Use: Scroll            |       |     7 |     5 ||    12
       Potion            |       |       |     5 ||     5
 Stab: Distracted        |       |       |     3 ||     3
Armor: Leather armour    |    19 |       |       ||    19
       Ring mail         |    21 |    30 |       ||    51
       Chain mail        |       |    78 |   132 ||   210
Dodge: Dodged            |    61 |    96 |   101 ||   258
Block: Buckler           |       |    19 |    61 ||    80

Table legend: (Time is in decaauts)
 A = Elapsed time spent in this place.
 B = Non-inter-level travel time spent in this place.
 C = Inter-level travel time spent in this place.
 D = Time resting spent in this place.
 E = Time spent auto-exploring this place.
 F = Levels seen in this place.
 G = Mean time per level.
                   A        B        C        D        E       F      G
               +--------+--------+--------+--------+--------+-----+--------+
         Total |  11451 |  11154 |    297 |   6338 |   2728 |   7 | 1635.9 |
       Dungeon |  11387 |  11099 |    288 |   6338 |   2687 |   6 | 1897.8 |
        Temple |     63 |     54 |      9 |      0 |     41 |   1 |   63.0 |
               +--------+--------+--------+--------+--------+-----+--------+

Top non-repeatable levels by time:
     D:2: 3178 daAuts
     D:3: 2593 daAuts
     D:5: 2078 daAuts
     D:6: 1396 daAuts
     D:1: 1192 daAuts
     D:4: 949 daAuts
  Temple: 63 daAuts
